 Dungeon Crawl Stone Soup version 0.30.0 (webtiles) character file.

Game seed: 11309143215672042513

3550 sasquatch the Thaumaturge (level 10, -2/76 HPs)
             Began as a Djinni Fire Elementalist on May 5, 2023.
             Was a Follower of Makhleb.
             Slain by a wyvern (13 damage)
             ... on level 8 of the Dungeon.
             The game lasted 00:26:30 (7331 turns).

sasquatch the Thaumaturge (DjFE)                    Turns: 7331, Time: 00:26:30

Health: -2/76      AC:  5    Str:  7    XL:     10   Next: 30%
Gold:   277        EV: 11    Int: 27    God:    Makhleb [*.....] SH:  0 Dex: 14

rFire   + + .        y - +3 short sword (venom)
rCold   . . .        (no shield)
rNeg    . . .        u - +2 leather armour {rPois}
rPois   ∞            (no helmet)
rElec   .            (no cloak)
rCorr   .            (no gloves)
SInv    .            (boots unavailable)
Will    +....        (no amulet)
Stlth   ++           m - ring of protection from cold
HPRegen 0.32/turn    h - +6 ring of intelligence
MPRegen 0.00/turn

%: infuse magic (-3 HP)
@: flying
A: sickness immunity, fire resistance 2, cold vulnerability 1, float, innate
caster, HP casting, extra vitality 1
a: Renounce Religion


You were on level 8 of the Dungeon.
You worshipped Makhleb.
Makhleb was aware of your devotion.
You visited 1 branch of the dungeon, and saw 8 of its levels.

You collected 277 gold pieces.

Inventory:

Hand Weapons
 t - a +1 heavy hand axe
 y - a +3 short sword of venom (weapon)
Missiles
 f - 13 poisoned darts
 o - 2 curare-tipped darts
 w - a throwing net
Armour
 u - a +2 leather armour of poison resistance (worn)
Jewellery
 b - a ring of positive energy
 g - a ring of fire
 h - a +6 ring of intelligence (right hand)
 m - a ring of protection from cold (left hand)
Wands
 v - a wand of paralysis (12)
Scrolls
 a - a scroll of teleportation {unknown}
 d - a scroll of amnesia {unknown}
 k - 2 scrolls of fear {unknown}
 q - a scroll of blinking {unknown}
 r - 2 scrolls of fog {unknown}
 B - a scroll of immolation {unknown}
 C - a scroll of poison {unknown}
 D - a scroll of enchant weapon {unknown}
Potions
 c - a potion of degeneration {unknown}
 e - 3 potions of might
 i - 2 potions of brilliance {unknown}
 j - 5 potions of mutation
 l - 2 potions of cancellation {unknown}
 n - 2 potions of lignification {unknown}
 p - 6 potions of curing
 s - 2 potions of heal wounds {unknown}
 x - a potion of invisibility {unknown}
 z - a potion of berserk rage {unknown}
 A - 2 potions of attraction {unknown}


   Skills:
 + Level 8.1 Fighting
 - Level 2.1 Dodging
 - Level 1.5 Stealth
 * Level 9.3 Spellcasting


You knew the following spells:

 Your Spells              Type           Power      Damage    Failure   Level
a - Foxfire               Conj/Fire      100%       2x1d9     1%          1
b - Scorch                Fire           100%       2d9       1%          2
c - Volatile Blastmotes   Fire/Tloc      100%       2d18      1%          3
d - Inner Flame           Hex/Fire       58%        N/A       1%          3
e - Flame Wave            Conj/Fire      58%        2d14      1%          4
f - Freeze                Ice            100%       1d10      1%          1
g - Poisonous Vapours     Pois/Air       100%       N/A       1%          2
h - Passwall              Tmut/Erth      48%        N/A       1%          2
i - Summon Guardian Gole  Hex/Summ       58%        N/A       1%          3
Your spell library was empty.

Dungeon Overview and Level Annotations

Branches:
Dungeon (8/15)             Temple (0/1) D:7            Lair (0/5) D:8

Altars:
Makhleb


Innate Abilities, Weirdness & Mutations

You are immune to sickness and miasma.
You are immune to poison.
Your flesh is very heat resistant. (rF++)
You are vulnerable to cold. (rC-)
You float through the air rather than walking.
You learn spells naturally, not from books.
Your magical power is your life essence.
You have superior vitality. (+4 MHP)


Message History

The elephant is burned terribly!
The elephant is severely wounded. (Press . to intensify the flame waves.)
You hear a shout!
You hear an angry growl.
You hear a shout!
The elephant tramples you but does no damage.
The elephant trunk-slaps you but does no damage.
Really fire at your guardian golem?
Okay, then.
You stop channeling waves of flame.
The wyvern bites you!
The elephant tramples you but does no damage.
The elephant trunk-slaps you but does no damage.
The wyvern bites you!
Casting: Flame Wave (dangerous; 1% risk of failure)
Confirm with . or Enter, or press ? or * to list all spells.
Casting: Flame Wave (dangerous; 1% risk of failure)
Press: ? - help, Dir - look around, f - activate A wave of flame ripples out!
The flame wave engulfs the wyvern!
The wyvern is heavily wounded.
The flame wave engulfs the elephant!!
The elephant is burned terribly!
You kill the elephant!
Makhleb accepts your kill.
You feel better. (Press . to intensify the flame waves.)
You hear a shout!
You hear an angry hiss.
The wyvern barely misses you.
Your Fighting skill increases to level 8!
Casting: Flame Wave (dangerous; 1% risk of failure)
Confirm with . or Enter, or press ? or * to list all spells.
Flames lash the wyvern.
The wyvern is heavily wounded.
The wyvern's fire resistance burns away.
The wyvern bites you! x2
* * * LOW HITPOINT WARNING * * *
Casting: Scorch (safe; 1% risk of failure)
Confirm with . or Enter, or press ? or * to list all spells.
Flames lash the wyvern.
The wyvern is burned terribly!
The wyvern is severely wounded.
* * * LOW HITPOINT WARNING * * *
The wyvern bites you!
You die...

#....####.... ####
#.........# #... ##...######
#... ###....### #... #
##...#....## #... . ..
##.......#..## #####... ...
#...#........###.......
....##......................
.....)§#...@................
##Y.?).#.9l......####.......
.......)..####)...###..#####
.. ....#####.# #.†##.##..##
.. . ##...##)###.##.## ..
#.....#.# #.##.# ........#
#.##.# #........# #....#
.........# ######


You could see a wyvern (combustible, ally target) and a friendly guardian golem
(summoned).

Vanquished Creatures
  A boulder beetle (D:7)
  An elephant (D:8)
  Prince Ribbit (D:6)
  A yak (D:8)
  A steam dragon (D:8)
  Duvessa (D:6)
  A sky beast (D:7)
  2 ice beasts
  2 black bears
  An ogre (D:6)
  A phantom (D:6)
  A kobold brigand (D:6)
  A bullfrog (D:8)
  A gnoll sergeant (D:8)
  5 scorpions
  Dowan (D:6)
  A howler monkey (D:4)
  3 hounds
  2 gnoll boudas
  6 orc priests
  Jessica (D:3)
  An iguana (D:5)
  4 orc wizards
  A sleepcap (D:6)
  Natasha (twice) (D:2)
  7 adders
  10 gnolls
  2 shadow imps (D:6)
  An ufetubus (D:4)
  2 worms (D:2)
  3 dart slugs (D:1)
  27 orcs
  3 bats
  5 endoplasms
  6 giant cockroaches
  3 goblins
  7 hobgoblins
  6 jackals
  11 kobolds
  3 quokkas
  4 frilled lizards
  4 rats (D:1)
147 creatures vanquished.

Vanquished Creatures (others)
  618 foxfires
618 creatures vanquished.

Grand Total: 765 creatures vanquished

Notes
Turn   | Place    | Note
-------+----------+-------------------------------------------
     0 | D:1      | sasquatch the Djinni Fire Elementalist began the quest for
                  | the Orb.
     0 | D:1      | sasquatch set off with the following spells memorised:
                  | Foxfire, Scorch, Volatile Blastmotes, Inner Flame, Flame
                  | Wave.
     0 | D:1      | Reached XP level 1. HP: 15/15 MP: 0/0
   183 | D:1      | Reached XP level 2. HP: 20/22 MP: 0/0
   375 | D:1      | Reached skill level 1 in Fighting
   666 | D:1      | Reached XP level 3. HP: 22/27 MP: 0/0
   666 | D:1      | Learned a level 1 spell: Freeze
   667 | D:1      | Reached skill level 3 in Spellcasting
  1270 | D:2      | Reached XP level 4. HP: 32/32 MP: 0/0
  1333 | D:2      | Noticed Natasha
  1341 | D:2      | Killed Natasha
  1590 | D:2      | Noticed Natasha
  1599 | D:2      | Killed Natasha
  1600 | D:2      | Reached XP level 5. HP: 29/38 MP: 0/0
  1600 | D:2      | Learned a level 2 spell: Poisonous Vapours
  2153 | D:3      | Noticed Jessica
  2156 | D:3      | Killed Jessica
  2157 | D:3      | Reached skill level 4 in Spellcasting
  2246 | D:3      | Reached XP level 6. HP: 24/45 MP: 0/0
  2920 | D:4      | Reached XP level 7. HP: 42/50 MP: 0/0
  2920 | D:4      | Learned a level 2 spell: Passwall
  3045 | D:4      | Reached skill level 5 in Spellcasting
  3760 | D:5      | Entered Level 5 of the Dungeon
  3971 | D:5      | Found a burning altar of Makhleb.
  3985 | D:5      | Reached XP level 8. HP: 52/58 MP: 0/0
  4137 | D:5      | Reached skill level 6 in Spellcasting
  4418 | D:5      | Reached skill level 5 in Fighting
  4429 | D:5      | Became a worshipper of Makhleb the Destroyer
  4781 | D:6      | Noticed Dowan
  4782 | D:6      | Noticed Duvessa
  4814 | D:6      | Killed Duvessa
  5060 | D:6      | Killed Dowan
  5232 | D:6      | Reached skill level 7 in Spellcasting
  5232 | D:6      | Reached XP level 9. HP: 62/66 MP: 0/0
  5232 | D:6      | Learned a level 3 spell: Summon Guardian Golem
  5538 | D:6      | Noticed Prince Ribbit
  5543 | D:6      | Killed Prince Ribbit
  6060 | D:7      | Reached * piety under Makhleb
  6304 | D:7      | Noticed a boulder beetle
  6313 | D:7      | Killed a boulder beetle
  6314 | D:7      | Reached skill level 8 in Spellcasting
  6347 | D:7      | Found a staircase to the Ecumenical Temple.
  7073 | D:8      | Noticed an elephant
  7073 | D:8      | Found a staircase to the Lair.
  7145 | D:8      | Reached XP level 10. HP: 66/75 MP: 0/0
  7324 | D:8      | Reached skill level 9 in Spellcasting
  7329 | D:8      | Killed an elephant
  7331 | D:8      | Slain by a wyvern

Illustrated notes

Levels and vault maps discovered:
D:1:      psy_arrival_conway, layout_loops_ring, nicolae_hexahallways
D:2:      layout_loops_corners, uniq_natasha
D:3:      layout_rooms, uniq_jessica
D:4:      layout_rooms, st_stairs_2, kennysheep_orc_chapel
D:5:      layout_basic, lemuel_doored_altar, corexii_item_surrounded_by_moat
D:6:      layout_loops_corners, uniq_prince_ribbit1, uniq_duvessa
D:7:      layout_layer_cave, minmay_temple_entry_mist
D:8:      layout_rooms, david_lair_generic, minivault_5

Skill      XL: |  1  2  3  4  5  6  7  8  9 10 |
---------------+-------------------------------+-----
Fighting       | 1 2 3 4 5 7 8 |  8.1
Spellcasting   | 3 4 5 7 8 9 |  9.3
Dodging        | |  2.1
Stealth        | |  1.5

Action                     |  1- 3 |  4- 6 |  7- 9 | 10-12 || total
---------------------------+-------+-------+-------+-------++-------
  Melee: Short sword       |     1 |     1 |     1 |       ||     3
  Throw: Dart              |       |       |     2 |       ||     2
   Cast: Foxfire           |    53 |    94 |   205 |    20 ||   372
         Scorch            |     1 |    13 |    36 |    14 ||    64
         Flame Wave        |       |       |     3 |     2 ||     5
         Summon Guardian G |       |       |     2 |     3 ||     5
    Use: Scroll            |       |       |     4 |       ||     4
 Armour: Robe              |       |     1 |     4 |       ||     5
         Leather armour    |       |       |     1 |     5 ||     6
  Dodge: Dodged            |     6 |     3 |    14 |     3 ||    26
